 Dungeon Crawl Stone Soup version 0.31-a0-618-g7ca08c1ff9 (webtiles) character file.

Game seed: 9988636233846289189

56 javelincjr the Conjurer (level 3, 21/21 HPs)
             Began as an Octopode Conjurer on Aug 22, 2023.
             Was a Follower of Uskayaw.
             Quit the game on level 2 of the Dungeon.
             The game lasted 00:08:22 (1336 turns).

javelincjr the Conjurer (Octopode Conjurer)         Turns: 1336, Time: 00:08:23

Health: 21/21      AC:  1    Str:  6    XL:     3   Next: 95%
Magic:  6/6        EV: 13    Int: 22    God:    Uskayaw [*.....]
Gold:   52         SH:  5    Dex: 10    Spells: 4/7 levels left

rFire   . . .        f - +0 dagger (venom)
rCold   . . .        (no shield)
rNeg    . . .        (helmet restricted)
rPois   .            l - amulet of reflection
rElec   .            (no ring)
rCorr   .            (no ring)
SInv    .            (no ring)
Will    .....        (no ring)
Stlth   +++          (no ring)
HPRegen 0.23/turn    (no ring)
MPRegen 0.10/turn    (no ring)
                     (no ring)

%: reflection
@: no status effects
A: almost no armour, amphibious, 8 rings, camouflage 1, gelatinous body 1,
(nimble swimmer 1), tentacles
a: Renounce Religion, Stomp


You were on level 2 of the Dungeon.
You worshipped Uskayaw.
Uskayaw was noncommittal.
You visited 1 branch of the dungeon, and saw 2 of its levels.

You collected 52 gold pieces.

Inventory:

Hand Weapons
 c - a +0 short sword
 d - a +1 dagger of distortion
 f - a +0 dagger of venom (weapon)
Missiles
 e - 5 curare-tipped darts
 g - 4 darts of dispersal
Jewellery
 l - an amulet of reflection (around mantle)
Scrolls
 b - a scroll of identify {unknown}
 i - a scroll of immolation {unknown}
 m - a scroll of fog {unknown}
Potions
 a - a potion of magic
 h - a potion of ambrosia {unknown}
 j - a potion of attraction {unknown}
 k - 2 potions of mutation {unknown}
 n - a potion of curing {unknown}
 o - a potion of lignification {unknown}


   Skills:
 + Level 2.6 Dodging
 + Level 3.7 Stealth
 + Level 2.5 Spellcasting
 + Level 4.3 Conjurations


You had 4 spell levels left.
You knew the following spells:

 Your Spells              Type           Power      Damage    Failure   Level
a - Magic Dart            Conj           88%        1d7       2%          1
b - Searing Ray           Conj           44%        2d6       3%          2

Your spell library contained the following spells:

 Spells                   Type           Power      Damage    Failure   Level
 Dazzling Flash           Conj/Hex       24%        N/A       16%         3
 Fulminant Prism          Conj/Hex       6%         3d6       47%         4
 Iskenderun's Mystic Bla  Conj/Tloc      12%        2d5       47%         4


Dungeon Overview and Level Annotations

Branches:
Dungeon (2/15)

Altars:
Uskayaw


Innate Abilities, Weirdness & Mutations

You cannot wear most types of armour.
You are amphibious.
You can wear up to eight rings at the same time.
Your skin changes colour to match your surroundings (Stealth+).
Your rubbery body absorbs attacks. (AC +1, EV +1)
((You are camouflaged when in or above water. (Stealth+)))
You have tentacles for arms and can constrict up to eight enemies at once.


Message History

You kill the rat!
You finish channelling your searing ray.
There is an open door here.
You see here a rat corpse.
n - a brown potion
o - a clear potion You open the door.
There is an open door here.
Found a stone staircase leading up.
There is an open door here.
There is an open door here.
You see here a rat corpse.
A rat comes into view.
The magic dart hits the rat.
You kill the rat!
As you open the door, it creaks loudly!
A goblin comes into view. It is wielding a +0 dagger.
The goblin shouts!
Found a leather armour.
Found an escape hatch in the ceiling.
The magic dart hits the goblin.
You kill the goblin!
There is an open door here.
You see here a +0 leather armour.
You see here 2 stones.
A kobold comes into view. It is wielding a +0 short sword.
The magic dart hits the kobold but does no damage.
The magic dart hits the kobold.
You kill the kobold!
Found a faded altar of an unknown god.
There is a dry fountain here.
A frilled lizard comes into view.
The magic dart hits the frilled lizard.
You kill the frilled lizard!
You can't see any susceptible monsters within range! (Use Z to cast anyway.)
There is a faded altar of an unknown god here.
This altar belongs to (a) Vehumet, (b) Uskayaw or (c) Dithmenos, but you can't tell which.
Press the corresponding letter to learn more about a god, or press enter to convert or escape to cancel.
Uskayaw accepts your prayer! Uskayaw welcomes you!
You can now stomp with the beat.
Are you sure you want to abandon this character and quit the game? (Confirm with "yes".)

##..(.####..###.#
#..##[#.....#.#
####.###.'......<#
########....#
###...#####.
+........####
#...........#
######..##
#.#..........
##..#######.#.#########
#....⌠....#.#.#..#
#.)##..@#.#.#....# #...
#∩......###.## #.#.
##.########†######
...#.###.# #........#
#####.....# #........#
# ####.### #........#
#.#.#...# #........#
#.#..#..# ###........#
#..###..# #.'........#


There were no monsters in sight!

Vanquished Creatures
  A gnoll (D:2)
  An adder (D:2)
  2 dart slugs (D:1)
  3 endoplasms
  2 giant cockroaches (D:1)
  7 goblins
  A hobgoblin (D:1)
  2 quokkas (D:2)
  3 bats
  3 frilled lizards
  2 kobolds
  5 rats
32 creatures vanquished.

Notes
Turn   | Place    | Note
-------+----------+-------------------------------------------
     0 | D:1      | javelincjr the Octopode Conjurer began the quest for the
                  | Orb.
     0 | D:1      | Reached XP level 1. HP: 11/11 MP: 3/3
   142 | D:1      | Reached XP level 2. HP: 16/17 MP: 1/5
   148 | D:1      | Learned a level 2 spell: Searing Ray
   582 | D:1      | Reached XP level 3. HP: 21/21 MP: 0/6
  1309 | D:2      | Found a faded altar of an unknown god.
  1335 | D:2      | Prayed at the altar of an unknown god.
  1335 | D:2      | Became a worshipper of Uskayaw the Reveller
  1335 | D:2      | Reached * piety under Uskayaw
  1336 | D:2      | Quit the game

Illustrated notes

Levels and vault maps discovered:
D:1:      dpeg_arrival_arbitrary_a, layout_rooms, hex_tiny
D:2:      minmay_diamond_boxcup, layout_basic,
          ebering_ecumenical_altar_abandoned, basic_altar, minivault_5,
          minivault_26

Skill      XL: |  1 |
---------------+----+-----
Stealth        | 3 |  3.7
Dodging        | |  2.6
Spellcasting   | |  2.5
Conjurations   | |  4.3

Action                     || total
---------------------------++-------
  Melee: Unarmed           ||     4
         Short sword       ||     3
         Constrict         ||     3
         Tentacles         ||     3
         Punch             ||     1
         Dagger            ||     3
   Cast: Magic Dart        ||    39
         Searing Ray       ||     8
  Dodge: Dodged            ||    10
  Block: Other             ||     2

Table legend: (Time is in decaauts)
 A = Elapsed time spent in this place.
 B = Non-inter-level travel time spent in this place.
 C = Inter-level travel time spent in this place.
 D = Time resting spent in this place.
 E = Time spent auto-exploring this place.
 F = Levels seen in this place.
 G = Mean time per level.
                   A        B        C        D        E       F      G
               +--------+--------+--------+--------+--------+-----+--------+
         Total |   1334 |   1286 |     48 |     72 |    978 |   2 |  667.0 |
       Dungeon |   1334 |   1286 |     48 |     72 |    978 |   2 |  667.0 |
               +--------+--------+--------+--------+--------+-----+--------+

Top non-repeatable levels by time:
     D:1: 883 daAuts
     D:2: 451 daAuts
